 Dungeon Crawl Stone Soup version 0.30-a0-1085-g990a428a5c (webtiles) character file.

Game seed: 10130057080181182260

219 LobsterGuardian the Covert (level 5, -2/31 HPs)
             Began as a Vampire Brigand on Apr 16, 2023.
             Slain by Pikel
             ... wielding a +1 whip of freezing
              (5 damage)
             ... on level 4 of the Dungeon.
             The game lasted 00:10:32 (2964 turns).

LobsterGuardian the Covert (Vampire Brigand)        Turns: 2964, Time: 00:10:32

Health: -2/31      AC: 13    Str: 10      XL:     5   Next: 64%
Magic:  5/5        EV:  5    Int: 12 (13) God:
Gold:   282        SH:  0    Dex: 17 (18) Spells: 4/4 levels left

rFire   . . .      SeeInvis +    j - +3 dagger
rCold   + + .      Faith    .    (no shield)
rNeg    + + +      Spirit   .    i - +1 chain mail {Will+}
rPois   ∞          Reflect  .    d - +0 helmet
rElec   +          Rampage  .    c - +0 cloak
rCorr   +                        k - +1 pair of gloves
Will    +....                    (no boots)
Stlth   +++                      (no amulet)
HPRegen 0.00/turn                n - ring of resist corrosion
MPRegen 0.09/turn                s - ring of poison resistance

@: attractive, flying (expiring), bloodless, inhibited regen
A: bloodless, fangs 3, see invisible, vampiric 2, deterioration 1, mutation
resistance 1, electricity resistance
a: Bat Form, Revivify


You were on level 4 of the Dungeon.
You visited 1 branch of the dungeon, and saw 5 of its levels.

You collected 282 gold pieces.

Inventory:

Hand Weapons
 j - a +3 dagger (weapon)
Armour
 b - a +0 robe
 c - a +0 cloak (worn)
 d - a +0 helmet (worn)
 i - a +1 chain mail of willpower (worn)
 k - a +1 pair of gloves (worn)
Jewellery
 g - an amulet of faith
 n - a ring of resist corrosion (left hand)
 q - a ring of fire
 s - a ring of poison resistance (right hand)
Scrolls
 f - 2 scrolls of amnesia
 h - 2 scrolls of enchant weapon
 o - 2 scrolls of magic mapping {unknown}
 p - a scroll of silence {unknown}
Potions
 l - a potion of brilliance
 r - 2 potions of degeneration
 u - a potion of cancellation


   Skills:
 + Level 2.3 Fighting
 + Level 3.3 Short Blades
 + Level 2.4 Throwing
 + Level 0.3 Armour
 + Level 2.2 Dodging
 * Level 8.1 Stealth


You had 4 spell levels left.
You didn't know any spells.
Your spell library contained the following spells:

 Spells                   Type           Power      Damage    Failure   Level
 Beastly Appendage        Tmut           0%         N/A       100%        1
 Poisonous Vapours        Pois/Air       0%         N/A       100%        2
 Scorch                   Fire           0%         2d5       100%        2
 Wereblood                Tmut           0%         N/A       100%        2
 Frozen Ramparts          Ice            0%         1d1       100%        3
 Mephitic Cloud           Conj/Pois/Air  0%         N/A       100%        3
 Spider Form              Tmut/Pois      0%         N/A       100%        3
 Flame Wave               Conj/Fire      0%         2d4       100%        4
 Ice Form                 Ice/Tmut       0%         N/A       100%        4
 Summon Ice Beast         Ice/Summ       0%         N/A       100%        4
 Freezing Cloud           Conj/Ice/Air   0%         6-21      100%        5
 Summon Cactus Giant      Summ           0%         N/A       100%        6


Dungeon Overview and Level Annotations

Branches:
Dungeon (5/15)
 Temple: D:4-7

Altars:
Ashenzari

Annotations:
D:4 Pikel


Innate Abilities, Weirdness & Mutations

You do not regenerate when monsters are visible.
You are frail without blood (-20% HP).
You can heal yourself when you bite living creatures.
You are immune to poison.
You have razor-sharp teeth.
You have supernaturally acute eyesight. (SInv)
You are afflicted with vampirism and can become a bat while bloodless.
Your body sometimes deteriorates upon taking damage.
You are somewhat resistant to further mutation.
You are resistant to electric shocks. (rElec)


Message History

Pikel is severely wounded.
Pikel barely misses you.
You barely miss Pikel.
Pikel is severely wounded.
Pikel hits you with a +1 whip of freezing.
* * * LOW HITPOINT WARNING * * *
You hit Pikel but do no damage.
Pikel is severely wounded.
Pikel hits you with a +1 whip of freezing.
* * * LOW HITPOINT WARNING * * *
Okay, then.
You aren't carrying any items that you can evoke.
You closely miss Pikel.
Pikel is severely wounded.
Pikel hits you but does no damage.
You hit Pikel.
Pikel is severely wounded.
Pikel hits you but does no damage.
You hit Pikel but do no damage.
Pikel is severely wounded.
You feel better. Pikel hits you but does no damage.
You completely miss Pikel.
Pikel is severely wounded.
Pikel hits you but does no damage.
You hit Pikel but do no damage.
Pikel is severely wounded.
You are starting to lose your buoyancy.
Pikel hits you with a +1 whip of freezing!
* * * LOW HITPOINT WARNING * * *
Your body deteriorates!
You feel dopey. Pikel freezes you.
* * * LOW HITPOINT WARNING * * *
You aren't carrying any items that you can evoke.
You hit Pikel.
Pikel is almost dead.
Pikel barely misses you.
You closely miss Pikel.
Pikel is almost dead.
Pikel hits you with a +1 whip of freezing.
You die...

#...................##.. ###
#####...#####.............. ..##
##...##.##...##....†........
...###.....###.....##...†........
....#.......#.......#............
....#.^.....#.......#............
....#.......#.......#............
...###.)...###.....##............
..## ##...## ##.@.##......#......
'#######'#######K##.......#......
...............555..##..#.......<
................................#
.......†........................#
'#######'#######'##..............
..## ##...## ##...###.......[....
...###.....###.....##.........#..
....#.......#.......#.....>...#..


You could see Pikel and 3 lemures.

Vanquished Creatures
  A lemure (D:3)
  Robin (D:4)
  3 gnolls (D:2)
  6 adders
  An ufetubus (D:4)
  A worm (D:3)
  12 dart slugs
  7 orcs
  4 ball pythons
  6 bats
  3 endoplasms
  14 goblins
  6 hobgoblins
  7 jackals
  5 quokkas
  3 frilled lizards
  6 kobolds
  4 rats
90 creatures vanquished.

Notes
Turn   | Place    | Note
-------+----------+-------------------------------------------
     0 | D:1      | LobsterGuardian the Vampire Brigand began the quest for the
                  | Orb.
     0 | D:1      | Reached XP level 1. HP: 16/16 MP: 1/1
    62 | D:1      | Reached skill level 6 in Stealth
   581 | D:2      | Reached XP level 2. HP: 22/22 MP: 2/2
   723 | D:2      | Reached skill level 7 in Stealth
   723 | D:2      | Gained mutation: You are afflicted with vampirism and can
                  | become a bat while bloodless. [Vampire growth]
   723 | D:2      | Reached XP level 3. HP: 21/27 MP: 3/3
   890 | D:2      | Reached XP level 4. HP: 33/33 MP: 4/4
  1551 | D:3      | Found a broken altar of Ashenzari.
  1688 | D:3      | Reached XP level 5. HP: 38/38 MP: 5/5
  2066 | D:4      | Noticed Robin
  2131 | D:4      | Killed Robin
  2205 | D:4      | Noticed a lemure
  2210 | D:4      | Noticed Pikel
  2210 | D:4      | Noticed a lemure
  2210 | D:4      | Noticed a lemure
  2211 | D:4      | Noticed a lemure
  2222 | D:5      | Entered Level 5 of the Dungeon
  2294 | D:5      | Noticed a black bear
  2616 | D:3      | Killed a lemure
  2748 | D:4      | Reached skill level 8 in Stealth
  2930 | D:4      | Gained mutation: Your body sometimes deteriorates upon
                  | taking damage. [potion of mutation]
  2930 | D:4      | Gained mutation: You are resistant to electric shocks.
                  | (rElec) [potion of mutation]
  2930 | D:4      | Gained mutation: You are somewhat resistant to further
                  | mutation. [potion of mutation]
  2964 | D:4      | Slain by Pikel

Illustrated notes

Levels and vault maps discovered:
D:1:      wander_arrival_abandoned_jail, layout_rooms, palyth_stone_intersect,
          columned_hall_lemuel, chequers_avenue
D:2:      layout_rooms
D:3:      kennysheep_slugbush, layout_rooms, nicolae_ashenzari_skybound,
          lemuel_coloured_pillars_altar
D:4:      kennysheep_six_static_rooms, layout_rooms, uniq_robin, uniq_pikel
D:5:      layout_cave_pods, nicolae_overflow_crystal_walls, chequers_arboretum,
          uniq_duvessa, uniq_blork_the_orc, uniq_ijyb

Skill      XL: |  1  2  3  4  5 |
---------------+----------------+-----
Stealth        | 6 7 8 |  8.1
Fighting       | 2 |  2.3
Throwing       | 2 |  2.4
Short Blades   | 3 |  3.3
Dodging        | 2 |  2.2
Armour         | |  0.3

Action                     |  1- 3 |  4- 6 || total
---------------------------+-------+-------++-------
  Melee: Dagger            |    47 |   291 ||   338
         Bite              |     7 |    39 ||    46
         Unarmed           |       |    42 ||    42
         Punch             |       |     3 ||     3
  Throw: Dart              |    31 |    15 ||    46
         Stone             |       |     1 ||     1
Ability: Exsanguinate      |       |     1 ||     1
    Use: Scroll            |     3 |    10 ||    13
         Potion            |       |    10 ||    10
   Stab: Sleeping          |     4 |     8 ||    12
 Armour: Robe              |    17 |    81 ||    98
         Chain mail        |       |    95 ||    95
  Dodge: Dodged            |    32 |   184 ||   216

Table legend: (Time is in decaauts)
 A = Elapsed time spent in this place.
 B = Non-inter-level travel time spent in this place.
 C = Inter-level travel time spent in this place.
 D = Time resting spent in this place.
 E = Time spent auto-exploring this place.
 F = Levels seen in this place.
 G = Mean time per level.
                   A        B        C        D        E       F      G
               +--------+--------+--------+--------+--------+-----+--------+
         Total |   2915 |   2784 |    131 |      0 |   1941 |   5 |  583.0 |
       Dungeon |   2915 |   2784 |    131 |      0 |   1941 |   5 |  583.0 |
               +--------+--------+--------+--------+--------+-----+--------+

Top non-repeatable levels by time:
     D:3: 889 daAuts
     D:2: 684 daAuts
     D:4: 672 daAuts
     D:1: 573 daAuts
     D:5: 95 daAuts
